Workbook

Sheet ЛСР 07.02. ПВХ
O1: Приложение №
O2: к Договору подряда №
B4: ПОДРЯДЧИК: | G4: ЗАКАЗЧИК | M4: ТЕХНИЧЕСКИЙ ЗАКАЗЧИК
G5: ООО ЭНКО СТРОЙ | M5: ООО ТЗ ЭНКО
B8: ______________/ | G8: ______________Ярков С.И. | M8: ______________Ярков С.И.
A11: Локальный сметный расчет №1 (ГП 214)
A13: № | B13: Наименование | C13: Марка/ Завод изготовитель | D13: Высота, м | E13: Ширина, м | F13: Характеристика | G13: Ед. изм. | H13: Площадь, м2 | I13: ГП 214.1 | J13: ГП 214.2 | K13: Кол-во | L13: Цена за ед. изм., руб | M13: Сумма, руб | N13: Примечание | O13: Форма закупа материала
A14: 07 | B14: Окна
A15: 07.02 | B15: ПВХ изделия
A16: 07.02.01 | B16: Изготовление и монтаж оконных и балконных блоков | M16: =M18+M22 -> 0
A17: 07.02.01.01-07.02.01.20 | B17: 1-20 этаж
B18: Работа: | M18: =SUM(M19:M21) -> 0
B19: Изготовление и монтаж оконных блоков | G19: шт | I19: =SUM(I23:I26) -> 171 | J19: =SUM(J37:J50) -> 372 | K19: =SUM(I19:J19) -> 543 | L19: =VLOOKUP(B19,Работа!$B$5:$G$18,4,0) -> 0 | M19: =L19*K19 -> 0
B20: Изготовление и монтаж балконных блоков | G20: шт | I20: =SUM(I27:I33) -> 77 | J20: =SUM(J51:J58) -> 110 | K20: =SUM(I20:J20) -> 187 | L20: =VLOOKUP(B20,Работа!$B$5:$G$18,4,0) -> 0 | M20: =L20*K20 -> 0
B21: Изготовление и монтаж витражей лоджий | G21: шт | I21: =SUM(I34:I36) -> 29 | J21: =SUM(J59:J62) -> 34 | K21: =SUM(I21:J21) -> 63 | L21: =VLOOKUP(B21,Работа!$B$5:$G$18,4,0) -> 0 | M21: =L21*K21 -> 0
B22: Материалы: | M22: =SUM(M23:M62) -> 0
B23: Ок-1 тип 1 | D23: 1.76 | E23: 0.86 | F23: 1,76*0,86 | G23: шт | H23: =(D23*E23)*K23 -> 15.136 | I23: 10 | K23: =SUM(I23:J23) -> 10 | L23: =VLOOKUP(B23,Материал!$B$5:$L$59,9,0) -> 0 | M23: =L23*K23 -> 0 | N23: Черно-коричневый KDD17_Z8 (каталог LG)
B24: Ок-2 тип 1 | D24: 1.76 | E24: 1.56 | F24: 1,76*1,56 | G24: шт | H24: =(D24*E24)*K24 -> 54.912 | I24: 20 | K24: =SUM(I24:J24) -> 20 | L24: =VLOOKUP(B24,Материал!$B$5:$L$59,9,0) -> 0 | M24: =L24*K24 -> 0 | N24: Черно-коричневый KDD17_Z8 (каталог LG)
B25: Ок-3 тип 1 | D25: 1.76 | E25: 2.12 | F25: 1,76*2,12 | G25: шт | H25: =(D25*E25)*K25 -> 485.056 | I25: 130 | K25: =SUM(I25:J25) -> 130 | L25: =VLOOKUP(B25,Материал!$B$5:$L$59,9,0) -> 0 | M25: =L25*K25 -> 0 | N25: Черно-коричневый KDD17_Z8 (каталог LG)
B26: Ок-4 тип 1 | D26: 1.65 | E26: 1.36 | F26: 1,65*1,36 | G26: шт | H26: =(D26*E26)*K26 -> 24.684 | I26: 11 | K26: =SUM(I26:J26) -> 11 | L26: =VLOOKUP(B26,Материал!$B$5:$L$59,9,0) -> 0 | M26: =L26*K26 -> 0 | N26: Черно-коричневый KDD17_Z8 (каталог LG)
B27: Б-1 тип 1 | D27: 2.46 | E27: 1.42 | F27: 2,46*1,42 | G27: шт | H27: =(D27*E27)*K27 -> 34.932 | I27: 10 | K27: =SUM(I27:J27) -> 10 | L27: =VLOOKUP(B27,Материал!$B$5:$L$59,9,0) -> 0 | M27: =L27*K27 -> 0 | N27: Черно-коричневый KDD17_Z8 (каталог LG)
B28: Б-2 (Б) тип 1 | D28: 2.46 | E28: 2.16 | F28: 2,46*2,16 | G28: шт | H28: =(D28*E28)*K28 -> 159.408 | I28: 30 | K28: =SUM(I28:J28) -> 30 | L28: =VLOOKUP(B28,Материал!$B$5:$L$59,9,0) -> 0 | M28: =L28*K28 -> 0 | N28: Белый
B29: Б-2.1 тип 1 | D29: 2.46 | E29: 2.16 | F29: 2,46*2,16 | G29: шт | H29: =(D29*E29)*K29 -> 159.408 | I29: 30 | K29: =SUM(I29:J29) -> 30 | L29: =VLOOKUP(B29,Материал!$B$5:$L$59,9,0) -> 0 | M29: =L29*K29 -> 0 | N29: Черно-коричневый KDD17_Z8 (каталог LG)
B30: Б-3 тип 1 | D30: 2.66 | E30: 2.16 | F30: 2,66*2,16 | G30: шт | H30: =(D30*E30)*K30 -> 17.2368 | I30: 3 | K30: =SUM(I30:J30) -> 3 | L30: =VLOOKUP(B30,Материал!$B$5:$L$59,9,0) -> 0 | M30: =L30*K30 -> 0 | N30: Черно-коричневый KDD17_Z8 (каталог LG)
B31: Б-4 (Б) тип 1 | D31: 2.66 | E31: 2.16 | F31: 2,66*2,16 | G31: шт | H31: =(D31*E31)*K31 -> 5.7456 | I31: 1 | K31: =SUM(I31:J31) -> 1 | L31: =VLOOKUP(B31,Материал!$B$5:$L$59,9,0) -> 0 | M31: =L31*K31 -> 0 | N31: Белый
B32: Б-4.1 тип 1 | D32: 2.66 | E32: 2.16 | F32: 2,66*2,16 | G32: шт | H32: =(D32*E32)*K32 -> 11.4912 | I32: 2 | K32: =SUM(I32:J32) -> 2 | L32: =VLOOKUP(B32,Материал!$B$5:$L$59,9,0) -> 0 | M32: =L32*K32 -> 0 | N32: Черно-коричневый KDD17_Z8 (каталог LG)
B33: Б-5 тип 1 | D33: 2.66 | E33: 1.42 | F33: 2,66*1,42 | G33: шт | H33: =(D33*E33)*K33 -> 3.7772 | I33: 1 | K33: =SUM(I33:J33) -> 1 | L33: =VLOOKUP(B33,Материал!$B$5:$L$59,9,0) -> 0 | M33: =L33*K33 -> 0 | N33: Черно-коричневый KDD17_Z8 (каталог LG)
B34: Л-1 тип 1 | D34: 1.97 | E34: 4.63 | F34: 1,97*4,63 | G34: шт | H34: =(D34*E34)*K34 -> 82.0899 | I34: 9 | K34: =SUM(I34:J34) -> 9 | L34: =VLOOKUP(B34,Материал!$B$5:$L$59,9,0) -> 0 | M34: =L34*K34 -> 0 | N34: Черно-коричневый KDD17_Z8 (каталог LG)
... B36: Л-3 тип 1 | D36: 2.27 | E36: 2.72 | F36: 2,27*2,72 | G36: шт | H36: =(D36*E36)*K36 -> 6.1744 | I36: 1 | K36: =SUM(I36:J36) -> 1 | L36: =VLOOKUP(B36,Материал!$B$5:$L$59,9,0) -> 0 | M36: =L36*K36 -> 0 | N36: Черно-коричневый KDD17_Z8 (каталог LG)
B37: Ок-1 тип 2 | D37: 2.17 | E37: 2.16 | F37: 2,17*2,16 | G37: шт | H37: =(D37*E37)*K37 -> 37.4976 | J37: 8 | K37: =SUM(I37:J37) -> 8 | L37: =VLOOKUP(B37,Материал!$B$5:$L$59,9,0) -> 0 | M37: =L37*K37 -> 0 | N37: Черно-коричневый KDD17_Z8 (каталог LG)
B38: Ок-2 тип 2 | D38: 2.17 | E38: 1.92 | F38: 2,17*1,92 | G38: шт | H38: =(D38*E38)*K38 -> 8.3328 | J38: 2 | K38: =SUM(I38:J38) -> 2 | L38: =VLOOKUP(B38,Материал!$B$5:$L$59,9,0) -> 0 | M38: =L38*K38 -> 0 | N38: Черно-коричневый KDD17_Z8 (каталог LG)
B39: Ок-3 тип 2 | D39: 1.76 | E39: 2.16 | F39: 1,76*2,16 | G39: шт | H39: =(D39*E39)*K39 -> 752.7168 | J39: 198 | K39: =SUM(I39:J39) -> 198 | L39: =VLOOKUP(B39,Материал!$B$5:$L$59,9,0) -> 0 | M39: =L39*K39 -> 0 | N39: Черно-коричневый KDD17_Z8 (каталог LG)
B40: Ок-4 тип 2 | D40: 1.76 | E40: 1.96 | F40: 1,76*1,96 | G40: шт | H40: =(D40*E40)*K40 -> 124.1856 | J40: 36 | K40: =SUM(I40:J40) -> 36 | L40: =VLOOKUP(B40,Материал!$B$5:$L$59,9,0) -> 0 | M40: =L40*K40 -> 0 | N40: Черно-коричневый KDD17_Z8 (каталог LG)
B41: Ок-5 тип 2 | D41: 1.76 | E41: 2.06 | F41: 1,76*2,06 | G41: шт | H41: =(D41*E41)*K41 -> 134.1472 | J41: 37 | K41: =SUM(I41:J41) -> 37 | L41: =VLOOKUP(B41,Материал!$B$5:$L$59,9,0) -> 0 | M41: =L41*K41 -> 0 | N41: Черно-коричневый KDD17_Z8 (каталог LG)
B42: Ок-7 тип 2 | D42: 1.76 | E42: 1.4 | F42: 1,76*1,40 | G42: шт | H42: =(D42*E42)*K42 -> 44.352 | J42: 18 | K42: =SUM(I42:J42) -> 18 | L42: =VLOOKUP(B42,Материал!$B$5:$L$59,9,0) -> 0 | M42: =L42*K42 -> 0 | N42: Черно-коричневый KDD17_Z8 (каталог LG)
B43: Ок-8 тип 2 | D43: 1.56 | E43: 0.86 | F43: 1,56*0,86 | G43: шт | H43: =(D43*E43)*K43 -> 13.416 | J43: 10 | K43: =SUM(I43:J43) -> 10 | L43: =VLOOKUP(B43,Материал!$B$5:$L$59,9,0) -> 0 | M43: =L43*K43 -> 0 | N43: Черно-коричневый KDD17_Z8 (каталог LG)
B44: Ок-9 тип 2 | D44: 1.76 | E44: 0.86 | F44: 1,76*0,86 | G44: шт | H44: =(D44*E44)*K44 -> 3.0272 | J44: 2 | K44: =SUM(I44:J44) -> 2 | L44: =VLOOKUP(B44,Материал!$B$5:$L$59,9,0) -> 0 | M44: =L44*K44 -> 0 | N44: Черно-коричневый KDD17_Z8 (каталог LG)
B45: Ок-11 тип 2 | D45: 1.76 | E45: 0.86 | F45: 1,76*0,86 | G45: шт | H45: =(D45*E45)*K45 -> 30.272 | J45: 20 | K45: =SUM(I45:J45) -> 20 | L45: =VLOOKUP(B45,Материал!$B$5:$L$59,9,0) -> 0 | M45: =L45*K45 -> 0 | N45: Черно-коричневый KDD17_Z8 (каталог LG)
B46: Ок-12 тип 2 | D46: 1.76 | E46: 2.04 | F46: 1,76*2,04 | G46: шт | H46: =(D46*E46)*K46 -> 3.5904 | J46: 1 | K46: =SUM(I46:J46) -> 1 | L46: =VLOOKUP(B46,Материал!$B$5:$L$59,9,0) -> 0 | M46: =L46*K46 -> 0 | N46: Черно-коричневый KDD17_Z8 (каталог LG)
B47: Ок-14 тип 2 | D47: 2.17 | E47: 1.67 | F47: 2,17*1,67 | G47: шт | H47: =(D47*E47)*K47 -> 3.6239 | J47: 1 | K47: =SUM(I47:J47) -> 1 | L47: =VLOOKUP(B47,Материал!$B$5:$L$59,9,0) -> 0 | M47: =L47*K47 -> 0 | N47: Черно-коричневый KDD17_Z8 (каталог LG)
B48: Ок-15 тип 2 | D48: 1.76 | E48: 1.67 | F48: 1,76*1,67 | G48: шт | H48: =(D48*E48)*K48 -> 105.8112 | J48: 36 | K48: =SUM(I48:J48) -> 36 | L48: =VLOOKUP(B48,Материал!$B$5:$L$59,9,0) -> 0 | M48: =L48*K48 -> 0 | N48: Черно-коричневый KDD17_Z8 (каталог LG)
... B62: Л-4 тип 2 | D62: 2.77 | E62: 4.25 | F62: 2,77*4,25 | G62: шт | H62: =(D62*E62)*K62 -> 23.545 | J62: 2 | K62: =SUM(I62:J62) -> 2 | L62: =VLOOKUP(B62,Материал!$B$5:$L$59,9,0) -> 0 | M62: =L62*K62 -> 0 | N62: Черно-коричневый KDD17_Z8 (каталог LG)
A63: 07.02.02 | B63: Изготовление и монтаж детских замков
A64: 07.02.02.00 | B64: Изготовление и монтаж детских замков | M64: =M65+M67 -> 0
B65: Работа: | M65: =SUM(M66:M66) -> 0
B66: Монтаж детских замков 1 | G66: шт | I66: =I68 -> 259 | J66: =J68 -> 501 | K66: =SUM(I66:J66) -> 760 | L66: =VLOOKUP(B66,Работа!$B$5:$G$18,4,0) -> 0 | M66: =L66*K66 -> 0
B67: Материалы: | M67: =SUM(M68:M68) -> 0
B68: Детский замок 1 | G68: шт | I68: 259 | J68: 501 | K68: =SUM(I68:J68) -> 760 | L68: =VLOOKUP(B68,Материал!$B$5:$L$59,9,0) -> 0 | M68: =L68*K68 -> 0 | N68: белый
A69: 07.02.05 | B69: Изготовление и монтаж ручки
A70: 07.02.05.00 | B70: Изготовление и монтаж ручки | M70: =M71+M73 -> 0
B71: Работа: | M71: =SUM(M72:M72) -> 0
B72: Монтаж ручек тип 1 | G72: шт | I72: =SUM(I74:I76) -> 154 | J72: =SUM(J74:J76) -> 220 | K72: =SUM(I72:J72) -> 374 | L72: =VLOOKUP(B72,Работа!$B$5:$G$18,4,0) -> 0 | M72: =L72*K72 -> 0
B73: Материалы: | M73: =SUM(M74:M76) -> 0
B74: Ручка тип 1 | F74: Ручка с ключем | G74: шт | I74: 77 | J74: 110 | K74: =SUM(I74:J74) -> 187 | L74: =VLOOKUP(B74,Материал!$B$5:$L$59,9,0) -> 0 | M74: =L74*K74 -> 0
B75: Ручка тип 1.2 | F75: Ручка ракушка (металл окрашеная по Ral) | G75: шт | I75: 31 | J75: 37 | K75: =SUM(I75:J75) -> 68 | L75: =VLOOKUP(B75,Материал!$B$5:$L$59,9,0) -> 0 | M75: =L75*K75 -> 0 | N75: Ral 9003/белый
B76: Ручка тип 1.3 | F76: Ручка ракушка (металл окрашеная по Ral) | G76: шт | I76: 46 | J76: 73 | K76: =SUM(I76:J76) -> 119 | L76: =VLOOKUP(B76,Материал!$B$5:$L$59,9,0) -> 0 | M76: =L76*K76 -> 0 | N76: Ral 9004
A77: 07.02.06 | B77: Изготовление и монтаж нащельников и профилей
A78: 07.02.06.00 | B78: Изготовление и монтаж нащельников и профилей | M78: =M79+M84 -> 0
B79: Работа: | M79: =SUM(M80:M83) -> 0
B80: Монтаж профиля 1 | G80: м.п. | I80: =SUM(I85:I86) -> 158.18 | J80: =SUM(J85:J86) -> 224.36 | K80: =SUM(I80:J80) -> 382.54 | L80: =VLOOKUP(B80,Работа!$B$5:$G$18,4,0) -> 0 | M80: =L80*K80 -> 0
B81: Монтаж профиля 4 | G81: м.п. | I81: =SUM(I87:I88) -> 190.82 | J81: =SUM(J87:J88) -> 271.4 | K81: =SUM(I81:J81) -> 462.22 | L81: =VLOOKUP(B81,Работа!$B$5:$G$18,4,0) -> 0 | M81: =L81*K81 -> 0
B82: Монтаж профиля 5 | G82: м.п. | I82: =SUM(I89) -> 0 | J82: =SUM(J89) -> 45.57 | K82: =SUM(I82:J82) -> 45.57 | L82: =VLOOKUP(B82,Работа!$B$5:$G$18,4,0) -> 0 | M82: =L82*K82 -> 0
B83: Монтаж нащельника 6 | G83: м.п. | I83: =SUM(I90:I90) -> 133.8 | J83: =SUM(J90:J90) -> 262.17 | K83: =SUM(I83:J83) -> 395.97 | L83: =VLOOKUP(B83,Работа!$B$5:$G$18,4,0) -> 0 | M83: =L83*K83 -> 0
B84: Материалы: | M84: =SUM(M85:M90) -> 0
B85: Профиль 1 | D85: - | E85: - | F85: доборный профиль - расширитель 70 мм. (б/б) | G85: м.п. | H85: - | I85: 66.96 | J85: 74.42 | K85: =SUM(I85:J85) -> 141.38 | L85: =VLOOKUP(B85,Материал!$B$5:$L$59,9,0) -> 0 | M85: =L85*K85 -> 0 | N85: Ral 9003/белый
B86: Профиль 1.2 | D86: - | E86: - | F86: доборный профиль - расширитель 70 мм. (б/б) | G86: м.п. | H86: - | I86: 91.22 | J86: 149.94 | K86: =SUM(I86:J86) -> 241.16 | L86: =VLOOKUP(B86,Материал!$B$5:$L$59,9,0) -> 0 | M86: =L86*K86 -> 0 | N86: Черно-коричневый KDD17_Z8 (каталог LG)
B87: Профиль 4 | D87: - | E87: - | F87: усиливающий профиль (для б/бл) | G87: м.п. | H87: - | I87: 76.46 | J87: 91.02 | K87: =SUM(I87:J87) -> 167.48 | L87: =VLOOKUP(B87,Материал!$B$5:$L$59,9,0) -> 0 | M87: =L87*K87 -> 0 | N87: Ral 9003/белый
B88: Профиль 4.1 | D88: - | E88: - | F88: усиливающий профиль (для б/бл) | G88: м.п. | H88: - | I88: 114.36 | J88: 180.38 | K88: =SUM(I88:J88) -> 294.74 | L88: =VLOOKUP(B88,Материал!$B$5:$L$59,9,0) -> 0 | M88: =L88*K88 -> 0 | N88: Черно-коричневый KDD17_Z8 (каталог LG)
B89: Профиль 5 | C89: пилястр | D89: - | E89: - | F89: внешнее армирование (для окон) | G89: м.п. | H89: - | J89: 45.57 | K89: =SUM(I89:J89) -> 45.57 | L89: =VLOOKUP(B89,Материал!$B$5:$L$59,9,0) -> 0 | M89: =L89*K89 -> 0 | N89: Черно-коричневый KDD17_Z8 (каталог LG)
B90: Нащельник для лоджий (с улицы) 6 | D90: - | E90: - | F90: нащельник 20×50 (лодж.) | G90: м.п. | H90: - | I90: 133.8 | J90: 262.17 | K90: =SUM(I90:J90) -> 395.97 | L90: =VLOOKUP(B90,Материал!$B$5:$L$59,9,0) -> 0 | M90: =L90*K90 -> 0 | N90: Ral 9004
A91: 07.02.08 | B91: Изготовление и монтаж отливов
A92: 07.02.08.00 | B92: Изготовление и монтаж отливов | M92: =M93+M97 -> 0
B93: Работа: | M93: =SUM(M94:M96) -> 0
B94: Монтаж отливов тип 1 | G94: м.п. | I94: =SUM(I98:I98) -> 270.7 | J94: =SUM(J98:J98) -> 710.18 | K94: =SUM(I94:J94) -> 980.88 | L94: =VLOOKUP(B94,Работа!$B$5:$G$18,4,0) -> 0 | M94: =L94*K94 -> 0
B95: Монтаж отливов тип 2 | G95: м.п. | I95: =SUM(I99:I99) -> 55.2 | J95: =SUM(J99:J99) -> 126.37 | K95: =SUM(I95:J95) -> 181.57 | L95: =VLOOKUP(B95,Работа!$B$5:$G$18,4,0) -> 0 | M95: =L95*K95 -> 0
B96: Монтаж отливов тип 3 | G96: м.п. | I96: =SUM(I100:I100) -> 0 | J96: =SUM(J100:J100) -> 21.52 | K96: =SUM(I96:J96) -> 21.52 | L96: =VLOOKUP(B96,Работа!$B$5:$G$18,4,0) -> 0 | M96: =L96*K96 -> 0
B97: Материалы: | M97: =SUM(M98:M100) -> 0
B98: Отлив тип 1 | D98: - | E98: - | F98: нижний 230 мм | G98: м.п. | H98: - | I98: 270.7 | J98: 710.18 | K98: =SUM(I98:J98) -> 980.88 | L98: =VLOOKUP(B98,Материал!$B$5:$L$59,9,0) -> 0 | M98: =L98*K98 -> 0 | N98: Ral 9004
B99: Отлив тип 2 | D99: - | E99: - | F99: нижний 150 мм | G99: м.п. | H99: - | I99: 55.2 | J99: 126.37 | K99: =SUM(I99:J99) -> 181.57 | L99: =VLOOKUP(B99,Материал!$B$5:$L$59,9,0) -> 0 | M99: =L99*K99 -> 0 | N99: Ral 9004
B100: Отлив тип 3 | D100: - | E100: - | F100: нижний 350 мм | G100: м.п. | H100: - | J100: 21.52 | K100: =SUM(I100:J100) -> 21.52 | L100: =VLOOKUP(B100,Материал!$B$5:$L$59,9,0) -> 0 | M100: =L100*K100 -> 0 | N100: Ral 9004
A101: 07.01.99 | B101: Прочие работы
A102: 07.01.99.00 | B102: Прочие работы | M102: =M103 -> 0
B103: Работа: | M103: =SUM(M104:M104) -> 0
B104: Изолирование монтажного шва СТИЗ (в т.ч. материал) | D104: - | E104: - | F104: - | G104: м.п. | H104: - | I104: 2597.68 | J104: 4209.94 | K104: =SUM(I104:J104) -> 6807.62 | L104: =VLOOKUP(B104,Работа!$B$5:$G$18,4,0) -> 0 | M104: =L104*K104 -> 0
B105: Всего по ЛСР: | M105: =M102+M92+M78+M70+M64+M16 -> 0
B106: в тч стоимость работ: | M106: =M103+M93+M79+M71+M65+M18 -> 0
B107: в тч стоимость материалов: | M107: =M97+M84+M73+M67+M22 -> 0
B108: в тч НДС:
B110: Примечания:
B111: 1. Обязательно для рассмотрения ЛСР предоставить визуализацию, в противном случае предложение не будет рассмотрено. Визуализация принимается по форме заказчика!
B112: 2. С рассчетом предоставить АТР разработаный системодержателем для данного объекта!
B114: 1. Обратить внимание на окнах находящихся в МОП и Офисах, а так же на балконах - ручка должна распологаться не выше 1,7 м. от уровня чистового пола. При необходимости рассчитать ДОСы
B115: 2. Ручкас ключем с поворотным механихмом запирания ключем, не защелка! Распологается на всех БД
B116: 3. На конструкциях ВЛ, в связи с большими размерами, обязательно применение дополнительного армирования - внешнее. Пилястровый профиль. Двери обрамляются усиливающими профилями
B117: 4. Балконные блоки выходящие на открытый балконн (терассу) соединение конструкции через усиливающий профиль.
B118: 5. Монтажный шов, на Ок, Б и Л со стороны помещения изолируется СТИЗ В. Пена срезается и изолируется в ровень с рамой по всему периметру включая нижнее примыкание.
B119: 6. В стоимость конструкций считать защитную пленку на створки и стеклопакеты в глухих частях с двух сторон.
B120: 7. Обязательно применение шумогосящих подкладок при монтаже отлива.
B122: Требования к окнам:
... B147: В случае изменения системы налогообложения, риски увеличения стоимости договора относятся на сторону, чья система налогообложения изменяется

Sheet Работа
A1: Сводная ведомость объемов работ (ГП 214)
A3: № | B3: Наименование | C3: Ед. изм. | D3: Кол-во | E3: Цена за ед. изм., руб | F3: Сумма, руб | G3: Примечание
A4: 07 | B4: Окна
A5: 07.02 | B5: ПВХ изделия
B6: Изготовление и монтаж оконных блоков | C6: шт | D6: =SUMIF('ЛСР 07.02. ПВХ'!$B$14:$O$104,B6,'ЛСР 07.02. ПВХ'!$K$14:$K$104) -> 543 | F6: =E6*D6 -> 0
B7: Изготовление и монтаж балконных блоков | C7: шт | D7: =SUMIF('ЛСР 07.02. ПВХ'!$B$14:$O$104,B7,'ЛСР 07.02. ПВХ'!$K$14:$K$104) -> 187 | F7: =E7*D7 -> 0
B8: Изготовление и монтаж витражей лоджий | C8: шт | D8: =SUMIF('ЛСР 07.02. ПВХ'!$B$14:$O$104,B8,'ЛСР 07.02. ПВХ'!$K$14:$K$104) -> 63 | F8: =E8*D8 -> 0
B9: Монтаж детских замков 1 | C9: шт | D9: =SUMIF('ЛСР 07.02. ПВХ'!$B$14:$O$104,B9,'ЛСР 07.02. ПВХ'!$K$14:$K$104) -> 760 | F9: =E9*D9 -> 0
B10: Монтаж ручек тип 1 | C10: шт | D10: =SUMIF('ЛСР 07.02. ПВХ'!$B$14:$O$104,B10,'ЛСР 07.02. ПВХ'!$K$14:$K$104) -> 374 | F10: =E10*D10 -> 0
B11: Монтаж профиля 1 | C11: м.п. | D11: =SUMIF('ЛСР 07.02. ПВХ'!$B$14:$O$104,B11,'ЛСР 07.02. ПВХ'!$K$14:$K$104) -> 382.54 | F11: =E11*D11 -> 0
B12: Монтаж профиля 4 | C12: м.п. | D12: =SUMIF('ЛСР 07.02. ПВХ'!$B$14:$O$104,B12,'ЛСР 07.02. ПВХ'!$K$14:$K$104) -> 462.22 | F12: =E12*D12 -> 0
B13: Монтаж профиля 5 | C13: м.п. | D13: =SUMIF('ЛСР 07.02. ПВХ'!$B$14:$O$104,B13,'ЛСР 07.02. ПВХ'!$K$14:$K$104) -> 45.57 | F13: =E13*D13 -> 0
B14: Монтаж нащельника 6 | C14: м.п. | D14: =SUMIF('ЛСР 07.02. ПВХ'!$B$14:$O$104,B14,'ЛСР 07.02. ПВХ'!$K$14:$K$104) -> 395.97 | F14: =E14*D14 -> 0
B15: Монтаж отливов тип 1 | C15: м.п. | D15: =SUMIF('ЛСР 07.02. ПВХ'!$B$14:$O$104,B15,'ЛСР 07.02. ПВХ'!$K$14:$K$104) -> 980.88 | F15: =E15*D15 -> 0
B16: Монтаж отливов тип 2 | C16: м.п. | D16: =SUMIF('ЛСР 07.02. ПВХ'!$B$14:$O$104,B16,'ЛСР 07.02. ПВХ'!$K$14:$K$104) -> 181.57 | F16: =E16*D16 -> 0
B17: Монтаж отливов тип 3 | C17: м.п. | D17: =SUMIF('ЛСР 07.02. ПВХ'!$B$14:$O$104,B17,'ЛСР 07.02. ПВХ'!$K$14:$K$104) -> 21.52 | F17: =E17*D17 -> 0
B18: Изолирование монтажного шва СТИЗ (в т.ч. материал) | C18: м.п. | D18: =SUMIF('ЛСР 07.02. ПВХ'!$B$14:$O$104,B18,'ЛСР 07.02. ПВХ'!$K$14:$K$104) -> 6807.62 | F18: =E18*D18 -> 0
B19: итого ПВХ: | F19: =SUM(F6:F18) -> 0
B20: ВСЕГО СМР: | F20: =F19 -> 0
F21: =F20-'ЛСР 07.02. ПВХ'!M106 -> 0

Sheet Материал
A2: Сводная ведомость объемов материала (ГП 214)
A4: № | B4: Наименование | C4: Марка/ Завод изготовитель | D4: Высота, м | E4: Ширина, м | F4: Характеристика | G4: Ед. изм. | H4: Площадь, м2 | I4: Кол-во | J4: Цена за ед. изм., руб | K4: Сумма, руб | L4: Примечание
A5: 07 | B5: Окна
A6: 07.02 | B6: ПВХ изделия
B7: Ок-1 тип 1 | D7: =VLOOKUP(B7,'ЛСР 07.02. ПВХ'!$B$14:$O$104,3,0) -> 1.76 | E7: =VLOOKUP(B7,'ЛСР 07.02. ПВХ'!$B$14:$O$104,4,0) -> 0.86 | F7: =VLOOKUP(B7,'ЛСР 07.02. ПВХ'!$B$14:$O$104,5,0) -> 1,76*0,86 | G7: =VLOOKUP(B7,'ЛСР 07.02. ПВХ'!$B$14:$O$104,6,0) -> шт | H7: =(D7*E7)*I7 -> 15.136 | I7: =SUMIF('ЛСР 07.02. ПВХ'!$B$14:$O$104,B7,'ЛСР 07.02. ПВХ'!$K$14:$K$104) -> 10 | K7: =J7*I7 -> 0 | L7: =VLOOKUP(B7,'ЛСР 07.02. ПВХ'!$B$14:$O$104,13,0) -> Черно-коричневый KDD17_Z8 (каталог LG)
B8: Ок-2 тип 1 | D8: =VLOOKUP(B8,'ЛСР 07.02. ПВХ'!$B$14:$O$104,3,0) -> 1.76 | E8: =VLOOKUP(B8,'ЛСР 07.02. ПВХ'!$B$14:$O$104,4,0) -> 1.56 | F8: =VLOOKUP(B8,'ЛСР 07.02. ПВХ'!$B$14:$O$104,5,0) -> 1,76*1,56 | G8: =VLOOKUP(B8,'ЛСР 07.02. ПВХ'!$B$14:$O$104,6,0) -> шт | H8: =(D8*E8)*I8 -> 54.912 | I8: =SUMIF('ЛСР 07.02. ПВХ'!$B$14:$O$104,B8,'ЛСР 07.02. ПВХ'!$K$14:$K$104) -> 20 | K8: =J8*I8 -> 0 | L8: =VLOOKUP(B8,'ЛСР 07.02. ПВХ'!$B$14:$O$104,13,0) -> Черно-коричневый KDD17_Z8 (каталог LG)
B9: Ок-3 тип 1 | D9: =VLOOKUP(B9,'ЛСР 07.02. ПВХ'!$B$14:$O$104,3,0) -> 1.76 | E9: =VLOOKUP(B9,'ЛСР 07.02. ПВХ'!$B$14:$O$104,4,0) -> 2.12 | F9: =VLOOKUP(B9,'ЛСР 07.02. ПВХ'!$B$14:$O$104,5,0) -> 1,76*2,12 | G9: =VLOOKUP(B9,'ЛСР 07.02. ПВХ'!$B$14:$O$104,6,0) -> шт | H9: =(D9*E9)*I9 -> 485.056 | I9: =SUMIF('ЛСР 07.02. ПВХ'!$B$14:$O$104,B9,'ЛСР 07.02. ПВХ'!$K$14:$K$104) -> 130 | K9: =J9*I9 -> 0 | L9: =VLOOKUP(B9,'ЛСР 07.02. ПВХ'!$B$14:$O$104,13,0) -> Черно-коричневый KDD17_Z8 (каталог LG)
B10: Ок-4 тип 1 | D10: =VLOOKUP(B10,'ЛСР 07.02. ПВХ'!$B$14:$O$104,3,0) -> 1.65 | E10: =VLOOKUP(B10,'ЛСР 07.02. ПВХ'!$B$14:$O$104,4,0) -> 1.36 | F10: =VLOOKUP(B10,'ЛСР 07.02. ПВХ'!$B$14:$O$104,5,0) -> 1,65*1,36 | G10: =VLOOKUP(B10,'ЛСР 07.02. ПВХ'!$B$14:$O$104,6,0) -> шт | H10: =(D10*E10)*I10 -> 24.684 | I10: =SUMIF('ЛСР 07.02. ПВХ'!$B$14:$O$104,B10,'ЛСР 07.02. ПВХ'!$K$14:$K$104) -> 11 | K10: =J10*I10 -> 0 | L10: =VLOOKUP(B10,'ЛСР 07.02. ПВХ'!$B$14:$O$104,13,0) -> Черно-коричневый KDD17_Z8 (каталог LG)
B11: Б-1 тип 1 | D11: =VLOOKUP(B11,'ЛСР 07.02. ПВХ'!$B$14:$O$104,3,0) -> 2.46 | E11: =VLOOKUP(B11,'ЛСР 07.02. ПВХ'!$B$14:$O$104,4,0) -> 1.42 | F11: =VLOOKUP(B11,'ЛСР 07.02. ПВХ'!$B$14:$O$104,5,0) -> 2,46*1,42 | G11: =VLOOKUP(B11,'ЛСР 07.02. ПВХ'!$B$14:$O$104,6,0) -> шт | H11: =(D11*E11)*I11 -> 34.932 | I11: =SUMIF('ЛСР 07.02. ПВХ'!$B$14:$O$104,B11,'ЛСР 07.02. ПВХ'!$K$14:$K$104) -> 10 | K11: =J11*I11 -> 0 | L11: =VLOOKUP(B11,'ЛСР 07.02. ПВХ'!$B$14:$O$104,13,0) -> Черно-коричневый KDD17_Z8 (каталог LG)
B12: Б-2 (Б) тип 1 | D12: =VLOOKUP(B12,'ЛСР 07.02. ПВХ'!$B$14:$O$104,3,0) -> 2.46 | E12: =VLOOKUP(B12,'ЛСР 07.02. ПВХ'!$B$14:$O$104,4,0) -> 2.16 | F12: =VLOOKUP(B12,'ЛСР 07.02. ПВХ'!$B$14:$O$104,5,0) -> 2,46*2,16 | G12: =VLOOKUP(B12,'ЛСР 07.02. ПВХ'!$B$14:$O$104,6,0) -> шт | H12: =(D12*E12)*I12 -> 159.408 | I12: =SUMIF('ЛСР 07.02. ПВХ'!$B$14:$O$104,B12,'ЛСР 07.02. ПВХ'!$K$14:$K$104) -> 30 | K12: =J12*I12 -> 0 | L12: =VLOOKUP(B12,'ЛСР 07.02. ПВХ'!$B$14:$O$104,13,0) -> Белый
B13: Б-2.1 тип 1 | D13: =VLOOKUP(B13,'ЛСР 07.02. ПВХ'!$B$14:$O$104,3,0) -> 2.46 | E13: =VLOOKUP(B13,'ЛСР 07.02. ПВХ'!$B$14:$O$104,4,0) -> 2.16 | F13: =VLOOKUP(B13,'ЛСР 07.02. ПВХ'!$B$14:$O$104,5,0) -> 2,46*2,16 | G13: =VLOOKUP(B13,'ЛСР 07.02. ПВХ'!$B$14:$O$104,6,0) -> шт | H13: =(D13*E13)*I13 -> 159.408 | I13: =SUMIF('ЛСР 07.02. ПВХ'!$B$14:$O$104,B13,'ЛСР 07.02. ПВХ'!$K$14:$K$104) -> 30 | K13: =J13*I13 -> 0 | L13: =VLOOKUP(B13,'ЛСР 07.02. ПВХ'!$B$14:$O$104,13,0) -> Черно-коричневый KDD17_Z8 (каталог LG)
B14: Б-3 тип 1 | D14: =VLOOKUP(B14,'ЛСР 07.02. ПВХ'!$B$14:$O$104,3,0) -> 2.66 | E14: =VLOOKUP(B14,'ЛСР 07.02. ПВХ'!$B$14:$O$104,4,0) -> 2.16 | F14: =VLOOKUP(B14,'ЛСР 07.02. ПВХ'!$B$14:$O$104,5,0) -> 2,66*2,16 | G14: =VLOOKUP(B14,'ЛСР 07.02. ПВХ'!$B$14:$O$104,6,0) -> шт | H14: =(D14*E14)*I14 -> 17.2368 | I14: =SUMIF('ЛСР 07.02. ПВХ'!$B$14:$O$104,B14,'ЛСР 07.02. ПВХ'!$K$14:$K$104) -> 3 | K14: =J14*I14 -> 0 | L14: =VLOOKUP(B14,'ЛСР 07.02. ПВХ'!$B$14:$O$104,13,0) -> Черно-коричневый KDD17_Z8 (каталог LG)
B15: Б-4 (Б) тип 1 | D15: =VLOOKUP(B15,'ЛСР 07.02. ПВХ'!$B$14:$O$104,3,0) -> 2.66 | E15: =VLOOKUP(B15,'ЛСР 07.02. ПВХ'!$B$14:$O$104,4,0) -> 2.16 | F15: =VLOOKUP(B15,'ЛСР 07.02. ПВХ'!$B$14:$O$104,5,0) -> 2,66*2,16 | G15: =VLOOKUP(B15,'ЛСР 07.02. ПВХ'!$B$14:$O$104,6,0) -> шт | H15: =(D15*E15)*I15 -> 5.7456 | I15: =SUMIF('ЛСР 07.02. ПВХ'!$B$14:$O$104,B15,'ЛСР 07.02. ПВХ'!$K$14:$K$104) -> 1 | K15: =J15*I15 -> 0 | L15: =VLOOKUP(B15,'ЛСР 07.02. ПВХ'!$B$14:$O$104,13,0) -> Белый
B16: Б-4.1 тип 1 | D16: =VLOOKUP(B16,'ЛСР 07.02. ПВХ'!$B$14:$O$104,3,0) -> 2.66 | E16: =VLOOKUP(B16,'ЛСР 07.02. ПВХ'!$B$14:$O$104,4,0) -> 2.16 | F16: =VLOOKUP(B16,'ЛСР 07.02. ПВХ'!$B$14:$O$104,5,0) -> 2,66*2,16 | G16: =VLOOKUP(B16,'ЛСР 07.02. ПВХ'!$B$14:$O$104,6,0) -> шт | H16: =(D16*E16)*I16 -> 11.4912 | I16: =SUMIF('ЛСР 07.02. ПВХ'!$B$14:$O$104,B16,'ЛСР 07.02. ПВХ'!$K$14:$K$104) -> 2 | K16: =J16*I16 -> 0 | L16: =VLOOKUP(B16,'ЛСР 07.02. ПВХ'!$B$14:$O$104,13,0) -> Черно-коричневый KDD17_Z8 (каталог LG)
B17: Б-5 тип 1 | D17: =VLOOKUP(B17,'ЛСР 07.02. ПВХ'!$B$14:$O$104,3,0) -> 2.66 | E17: =VLOOKUP(B17,'ЛСР 07.02. ПВХ'!$B$14:$O$104,4,0) -> 1.42 | F17: =VLOOKUP(B17,'ЛСР 07.02. ПВХ'!$B$14:$O$104,5,0) -> 2,66*1,42 | G17: =VLOOKUP(B17,'ЛСР 07.02. ПВХ'!$B$14:$O$104,6,0) -> шт | H17: =(D17*E17)*I17 -> 3.7772 | I17: =SUMIF('ЛСР 07.02. ПВХ'!$B$14:$O$104,B17,'ЛСР 07.02. ПВХ'!$K$14:$K$104) -> 1 | K17: =J17*I17 -> 0 | L17: =VLOOKUP(B17,'ЛСР 07.02. ПВХ'!$B$14:$O$104,13,0) -> Черно-коричневый KDD17_Z8 (каталог LG)
B18: Л-1 тип 1 | D18: =VLOOKUP(B18,'ЛСР 07.02. ПВХ'!$B$14:$O$104,3,0) -> 1.97 | E18: =VLOOKUP(B18,'ЛСР 07.02. ПВХ'!$B$14:$O$104,4,0) -> 4.63 | F18: =VLOOKUP(B18,'ЛСР 07.02. ПВХ'!$B$14:$O$104,5,0) -> 1,97*4,63 | G18: =VLOOKUP(B18,'ЛСР 07.02. ПВХ'!$B$14:$O$104,6,0) -> шт | H18: =(D18*E18)*I18 -> 82.0899 | I18: =SUMIF('ЛСР 07.02. ПВХ'!$B$14:$O$104,B18,'ЛСР 07.02. ПВХ'!$K$14:$K$104) -> 9 | K18: =J18*I18 -> 0 | L18: =VLOOKUP(B18,'ЛСР 07.02. ПВХ'!$B$14:$O$104,13,0) -> Черно-коричневый KDD17_Z8 (каталог LG)
... B46: Л-4 тип 2 | D46: =VLOOKUP(B46,'ЛСР 07.02. ПВХ'!$B$14:$O$104,3,0) -> 2.77 | E46: =VLOOKUP(B46,'ЛСР 07.02. ПВХ'!$B$14:$O$104,4,0) -> 4.25 | F46: =VLOOKUP(B46,'ЛСР 07.02. ПВХ'!$B$14:$O$104,5,0) -> 2,77*4,25 | G46: =VLOOKUP(B46,'ЛСР 07.02. ПВХ'!$B$14:$O$104,6,0) -> шт | H46: =(D46*E46)*I46 -> 23.545 | I46: =SUMIF('ЛСР 07.02. ПВХ'!$B$14:$O$104,B46,'ЛСР 07.02. ПВХ'!$K$14:$K$104) -> 2 | K46: =J46*I46 -> 0 | L46: =VLOOKUP(B46,'ЛСР 07.02. ПВХ'!$B$14:$O$104,13,0) -> Черно-коричневый KDD17_Z8 (каталог LG)
B47: Детский замок 1 | D47: =VLOOKUP(B47,'ЛСР 07.02. ПВХ'!$B$14:$O$104,3,0) -> 0 | E47: =VLOOKUP(B47,'ЛСР 07.02. ПВХ'!$B$14:$O$104,4,0) -> 0 | F47: =VLOOKUP(B47,'ЛСР 07.02. ПВХ'!$B$14:$O$104,5,0) -> 0 | G47: =VLOOKUP(B47,'ЛСР 07.02. ПВХ'!$B$14:$O$104,6,0) -> шт | I47: =SUMIF('ЛСР 07.02. ПВХ'!$B$14:$O$104,B47,'ЛСР 07.02. ПВХ'!$K$14:$K$104) -> 760 | K47: =J47*I47 -> 0 | L47: =VLOOKUP(B47,'ЛСР 07.02. ПВХ'!$B$14:$O$104,13,0) -> белый
B48: Ручка тип 1 | D48: =VLOOKUP(B48,'ЛСР 07.02. ПВХ'!$B$14:$O$104,3,0) -> 0 | E48: =VLOOKUP(B48,'ЛСР 07.02. ПВХ'!$B$14:$O$104,4,0) -> 0 | F48: =VLOOKUP(B48,'ЛСР 07.02. ПВХ'!$B$14:$O$104,5,0) -> Ручка с ключем | G48: =VLOOKUP(B48,'ЛСР 07.02. ПВХ'!$B$14:$O$104,6,0) -> шт | I48: =SUMIF('ЛСР 07.02. ПВХ'!$B$14:$O$104,B48,'ЛСР 07.02. ПВХ'!$K$14:$K$104) -> 187 | K48: =J48*I48 -> 0 | L48: =VLOOKUP(B48,'ЛСР 07.02. ПВХ'!$B$14:$O$104,13,0) -> 0
B49: Ручка тип 1.2 | D49: =VLOOKUP(B49,'ЛСР 07.02. ПВХ'!$B$14:$O$104,3,0) -> 0 | E49: =VLOOKUP(B49,'ЛСР 07.02. ПВХ'!$B$14:$O$104,4,0) -> 0 | F49: =VLOOKUP(B49,'ЛСР 07.02. ПВХ'!$B$14:$O$104,5,0) -> Ручка ракушка (металл окрашеная по Ral) | G49: =VLOOKUP(B49,'ЛСР 07.02. ПВХ'!$B$14:$O$104,6,0) -> шт | I49: =SUMIF('ЛСР 07.02. ПВХ'!$B$14:$O$104,B49,'ЛСР 07.02. ПВХ'!$K$14:$K$104) -> 68 | K49: =J49*I49 -> 0 | L49: =VLOOKUP(B49,'ЛСР 07.02. ПВХ'!$B$14:$O$104,13,0) -> Ral 9003/белый
B50: Ручка тип 1.3 | D50: =VLOOKUP(B50,'ЛСР 07.02. ПВХ'!$B$14:$O$104,3,0) -> 0 | E50: =VLOOKUP(B50,'ЛСР 07.02. ПВХ'!$B$14:$O$104,4,0) -> 0 | F50: =VLOOKUP(B50,'ЛСР 07.02. ПВХ'!$B$14:$O$104,5,0) -> Ручка ракушка (металл окрашеная по Ral) | G50: =VLOOKUP(B50,'ЛСР 07.02. ПВХ'!$B$14:$O$104,6,0) -> шт | I50: =SUMIF('ЛСР 07.02. ПВХ'!$B$14:$O$104,B50,'ЛСР 07.02. ПВХ'!$K$14:$K$104) -> 119 | K50: =J50*I50 -> 0 | L50: =VLOOKUP(B50,'ЛСР 07.02. ПВХ'!$B$14:$O$104,13,0) -> Ral 9004
B51: Профиль 1 | D51: =VLOOKUP(B51,'ЛСР 07.02. ПВХ'!$B$14:$O$104,3,0) -> - | E51: =VLOOKUP(B51,'ЛСР 07.02. ПВХ'!$B$14:$O$104,4,0) -> - | F51: =VLOOKUP(B51,'ЛСР 07.02. ПВХ'!$B$14:$O$104,5,0) -> доборный профиль - расширитель 70 мм. (б/б) | G51: =VLOOKUP(B51,'ЛСР 07.02. ПВХ'!$B$14:$O$104,6,0) -> м.п. | I51: =SUMIF('ЛСР 07.02. ПВХ'!$B$14:$O$104,B51,'ЛСР 07.02. ПВХ'!$K$14:$K$104) -> 141.38 | K51: =J51*I51 -> 0 | L51: =VLOOKUP(B51,'ЛСР 07.02. ПВХ'!$B$14:$O$104,13,0) -> Ral 9003/белый
B52: Профиль 1.2 | D52: =VLOOKUP(B52,'ЛСР 07.02. ПВХ'!$B$14:$O$104,3,0) -> - | E52: =VLOOKUP(B52,'ЛСР 07.02. ПВХ'!$B$14:$O$104,4,0) -> - | F52: =VLOOKUP(B52,'ЛСР 07.02. ПВХ'!$B$14:$O$104,5,0) -> доборный профиль - расширитель 70 мм. (б/б) | G52: =VLOOKUP(B52,'ЛСР 07.02. ПВХ'!$B$14:$O$104,6,0) -> м.п. | I52: =SUMIF('ЛСР 07.02. ПВХ'!$B$14:$O$104,B52,'ЛСР 07.02. ПВХ'!$K$14:$K$104) -> 241.16 | K52: =J52*I52 -> 0 | L52: =VLOOKUP(B52,'ЛСР 07.02. ПВХ'!$B$14:$O$104,13,0) -> Черно-коричневый KDD17_Z8 (каталог LG)
B53: Профиль 4 | D53: =VLOOKUP(B53,'ЛСР 07.02. ПВХ'!$B$14:$O$104,3,0) -> - | E53: =VLOOKUP(B53,'ЛСР 07.02. ПВХ'!$B$14:$O$104,4,0) -> - | F53: =VLOOKUP(B53,'ЛСР 07.02. ПВХ'!$B$14:$O$104,5,0) -> усиливающий профиль (для б/бл) | G53: =VLOOKUP(B53,'ЛСР 07.02. ПВХ'!$B$14:$O$104,6,0) -> м.п. | I53: =SUMIF('ЛСР 07.02. ПВХ'!$B$14:$O$104,B53,'ЛСР 07.02. ПВХ'!$K$14:$K$104) -> 167.48 | K53: =J53*I53 -> 0 | L53: =VLOOKUP(B53,'ЛСР 07.02. ПВХ'!$B$14:$O$104,13,0) -> Ral 9003/белый
B54: Профиль 5 | C54: пилястр | D54: =VLOOKUP(B54,'ЛСР 07.02. ПВХ'!$B$14:$O$104,3,0) -> - | E54: =VLOOKUP(B54,'ЛСР 07.02. ПВХ'!$B$14:$O$104,4,0) -> - | F54: =VLOOKUP(B54,'ЛСР 07.02. ПВХ'!$B$14:$O$104,5,0) -> внешнее армирование (для окон) | G54: =VLOOKUP(B54,'ЛСР 07.02. ПВХ'!$B$14:$O$104,6,0) -> м.п. | I54: =SUMIF('ЛСР 07.02. ПВХ'!$B$14:$O$104,B54,'ЛСР 07.02. ПВХ'!$K$14:$K$104) -> 45.57 | K54: =J54*I54 -> 0 | L54: =VLOOKUP(B54,'ЛСР 07.02. ПВХ'!$B$14:$O$104,13,0) -> Черно-коричневый KDD17_Z8 (каталог LG)
B55: Профиль 4.1 | D55: =VLOOKUP(B55,'ЛСР 07.02. ПВХ'!$B$14:$O$104,3,0) -> - | E55: =VLOOKUP(B55,'ЛСР 07.02. ПВХ'!$B$14:$O$104,4,0) -> - | F55: =VLOOKUP(B55,'ЛСР 07.02. ПВХ'!$B$14:$O$104,5,0) -> усиливающий профиль (для б/бл) | G55: =VLOOKUP(B55,'ЛСР 07.02. ПВХ'!$B$14:$O$104,6,0) -> м.п. | I55: =SUMIF('ЛСР 07.02. ПВХ'!$B$14:$O$104,B55,'ЛСР 07.02. ПВХ'!$K$14:$K$104) -> 294.74 | K55: =J55*I55 -> 0 | L55: =VLOOKUP(B55,'ЛСР 07.02. ПВХ'!$B$14:$O$104,13,0) -> Черно-коричневый KDD17_Z8 (каталог LG)
B56: Нащельник для лоджий (с улицы) 6 | D56: =VLOOKUP(B56,'ЛСР 07.02. ПВХ'!$B$14:$O$104,3,0) -> - | E56: =VLOOKUP(B56,'ЛСР 07.02. ПВХ'!$B$14:$O$104,4,0) -> - | F56: =VLOOKUP(B56,'ЛСР 07.02. ПВХ'!$B$14:$O$104,5,0) -> нащельник 20×50 (лодж.) | G56: =VLOOKUP(B56,'ЛСР 07.02. ПВХ'!$B$14:$O$104,6,0) -> м.п. | I56: =SUMIF('ЛСР 07.02. ПВХ'!$B$14:$O$104,B56,'ЛСР 07.02. ПВХ'!$K$14:$K$104) -> 395.97 | K56: =J56*I56 -> 0 | L56: =VLOOKUP(B56,'ЛСР 07.02. ПВХ'!$B$14:$O$104,13,0) -> Ral 9004
B57: Отлив тип 1 | D57: =VLOOKUP(B57,'ЛСР 07.02. ПВХ'!$B$14:$O$104,3,0) -> - | E57: =VLOOKUP(B57,'ЛСР 07.02. ПВХ'!$B$14:$O$104,4,0) -> - | F57: =VLOOKUP(B57,'ЛСР 07.02. ПВХ'!$B$14:$O$104,5,0) -> нижний 230 мм | G57: =VLOOKUP(B57,'ЛСР 07.02. ПВХ'!$B$14:$O$104,6,0) -> м.п. | I57: =SUMIF('ЛСР 07.02. ПВХ'!$B$14:$O$104,B57,'ЛСР 07.02. ПВХ'!$K$14:$K$104) -> 980.88 | K57: =J57*I57 -> 0 | L57: =VLOOKUP(B57,'ЛСР 07.02. ПВХ'!$B$14:$O$104,13,0) -> Ral 9004
B58: Отлив тип 2 | D58: =VLOOKUP(B58,'ЛСР 07.02. ПВХ'!$B$14:$O$104,3,0) -> - | E58: =VLOOKUP(B58,'ЛСР 07.02. ПВХ'!$B$14:$O$104,4,0) -> - | F58: =VLOOKUP(B58,'ЛСР 07.02. ПВХ'!$B$14:$O$104,5,0) -> нижний 150 мм | G58: =VLOOKUP(B58,'ЛСР 07.02. ПВХ'!$B$14:$O$104,6,0) -> м.п. | I58: =SUMIF('ЛСР 07.02. ПВХ'!$B$14:$O$104,B58,'ЛСР 07.02. ПВХ'!$K$14:$K$104) -> 181.57 | K58: =J58*I58 -> 0 | L58: =VLOOKUP(B58,'ЛСР 07.02. ПВХ'!$B$14:$O$104,13,0) -> Ral 9004
B59: Отлив тип 3 | D59: =VLOOKUP(B59,'ЛСР 07.02. ПВХ'!$B$14:$O$104,3,0) -> - | E59: =VLOOKUP(B59,'ЛСР 07.02. ПВХ'!$B$14:$O$104,4,0) -> - | F59: =VLOOKUP(B59,'ЛСР 07.02. ПВХ'!$B$14:$O$104,5,0) -> нижний 350 мм | G59: =VLOOKUP(B59,'ЛСР 07.02. ПВХ'!$B$14:$O$104,6,0) -> м.п. | I59: =SUMIF('ЛСР 07.02. ПВХ'!$B$14:$O$104,B59,'ЛСР 07.02. ПВХ'!$K$14:$K$104) -> 21.52 | K59: =J59*I59 -> 0 | L59: =VLOOKUP(B59,'ЛСР 07.02. ПВХ'!$B$14:$O$104,13,0) -> Ral 9004
B60: итого ПВХ: | K60: =SUM(K7:K59) -> 0
B61: ВСЕГО материал: | K61: =K60 -> 0
K62: =K61-'ЛСР 07.02. ПВХ'!M107 -> 0
